DIDN'TDOIT, chaotic male human Convict @ DIDN'TDOIT the Prisoner Experience level: 10 Strength: 16 Dexterity: 15 Constitution: 18 Intelligence: 10 Wisdom: 10 Charisma: 9 Health: 0(101) Energy: 45(45) AC: 2 Gold: 874 Moves: 8767 Your Inventory: Coins $ - 874 gold pieces Armor b - an uncursed +0 striped shirt (being worn) e - an uncursed rusty +0 orcish helm (being worn) g - a blessed burnt +3 pair of leather gloves (being worn) o - an uncursed +0 dwarvish cloak (being worn) p - an uncursed +0 pair of iron shoes (being worn) O - an [uncursed] +0 studded leather armor (being worn) Comestibles i - an [uncursed] food ration Potions X - an [uncursed] potion called ? [of object detection] Rings j - an [uncursed] porcelain ring [of levitation] Wands h - an [uncursed] wand of light [0:13] F - an [uncursed] wand of striking [0:4] R - an [uncursed] maple wand [of make invisible (0:5)] T - an [uncursed] ceramic wand [of magic missile (0:4)] U - a [cursed] wand of striking [0:3] V - an [uncursed] wand of digging [0:5] Tools C - an [uncursed] looking glass [mirror] S - an [uncursed +0] unicorn horn Iron balls c - an [uncursed] rusty corroded heavy iron ball (weapon in hand) Spells known in the end: Name Level Category Fail Memory Your skills at the end: Fighting Skills Weapon Skills flail [Skilled / Expert] sling [Basic / Skilled] Spellcasting Skills Final Attributes: You were piously aligned. Hunger level was 868. Your alignment was 53 / 53. Monster difficulty range was 1 - 10. Level difficulty was 10. You were immune to poison. You were immune to sickness. You were telepathic. You were swallowed by an air elemental (9). You were lucky (1). You are dead. Vanquished creatures: a freezing sphere a large cat a tiger an ochre jelly a leocrotta 5 ettin zombies a crocodile a winter wolf cub a scorpion an orc mummy a werewolf 2 lizards a dingo a dwarf lord a white unicorn 8 human zombies a rope golem a fire ant 2 mountain nymphs 16 Uruk-hai a rock piercer a rock mole a yellow light a shrieker 12 gnome lords a red naga hatchling a black naga hatchling 2 guardian naga hatchlings a gray ooze a wax golem 3 giant ants a little dog 3 floating eyes a kitten 12 dwarves a kobold lord a kobold shaman 2 rothes 2 rabid rats 4 orc zombies 5 dwarf zombies 2 werejackals an iguana 3 killer bees a gas spore 4 hobbits 4 manes 3 large kobolds a hobgoblin a brown mold a yellow mold a red mold 54 gnomes 2 geckos 11 jackals 3 goblins 4 sewer rats 7 grid bugs 2 bats 4 lichens 2 kobold zombies 14 newts 230 creatures vanquished. Voluntary challenges: You never hit with a wielded weapon. You read items or engraved 10 times. You put on armor 10 times. You never genocided any monsters. You never polymorphed an object. You never changed form. You used no wishes. You never wrote Elbereth's name. You encountered 1 bones level. You never used any Sokoban shortcuts. Dungeon overview: The Dungeons of Doom: levels 1 to 3 Level 1 some fountains a long staircase Level 2 a general store Level 3 some sinks stairs to The Gnomish Mines The Gnomish Mines: levels 4 to 10 Level 4 stairs to The Dungeons of Doom Level 10 <- You were here History has recorded: On T:1 you entered the Dungeons of Doom to retrieve the Amulet of Yendor! On T:1353 you advanced to experience level 2. On T:1499 you advanced to experience level 3. On T:1639 you reached level 2 of The Dungeons of Doom. On T:2133 you advanced to experience level 4. On T:2212 you reached level 3 of The Dungeons of Doom. On T:2617 you reached level 1 of The Gnomish Mines. On T:2624 you advanced to experience level 5. On T:2892 you advanced to experience level 6. On T:2998 you reached level 2 of The Gnomish Mines. On T:3333 you advanced to experience level 7. On T:4753 you reached level 3 of The Gnomish Mines. On T:4765 you advanced to experience level 8. On T:4931 you reached level 6 of The Gnomish Mines. On T:6006 you advanced to experience level 9. On T:6085 you reached level 5 of The Gnomish Mines. On T:7687 you reached level 4 of The Gnomish Mines. On T:8491 you reached level 7 of The Gnomish Mines. On T:8608 you advanced to experience level 10. Latest messages: [HP-22=79] You hit the air elemental. You are pummeled with debris! (6x) [HP-28=51] [2 turns] As you read the scroll, it disappears. You feel like someone is helping you. You are pummeled with debris! (3x) [HP-28=23] You feel much better. You are pummeled with debris! (3x) [HP+5=28] You hit the air elemental. You are pummeled with debris! You get expelled! The air elemental engulfs you! You are pummeled with debris! (4x) You die... Final status: Goodbye DIDN'TDOIT the Convict... You died in The Gnomish Mines on dungeon level 10 with 11863 points, and 874 pieces of gold, after 8767 moves. You were level 10 with a maximum of 101 hit points when you died.